AoeStats
← B-Matt

Nomad

510175294Analyzed
2v2 RM · 2d ago on Sep 29, 2026· 37m 20s· 4 players
Game mode
Random Map
Map size
176×176
Population
200
Speed
Normal
Resources
Standard
Victory
Conquest
Starting age
Dark Age
Ending age
Imperial Age
RankedLock teamsTeams togetherTeam positionsShared explorationLock speedFull tech treeHidden civsTurbo modeCheats
Victory
Defeat
🇹🇷 Mongols · Türkiye
928
+14
🇹🇷 Vietnamese · Türkiye
907
+15
🇭🇷 Varangians · Croatia
888
-14
🇭🇷 Georgians · Croatia
887
-15
B-Matt
14:58 Feudal Age
15:32 Double-Bit Axe
17:12 Fishing Lines
18:16 Loom
22:29 Castle Age
21:18 Gold Mining
22:59 Forging
23:21 Bloodlines
22:37 Pikeman
25:04 Scale Barding Armor
25:14 Horse Collar
28:30 Fletching
28:54 Husbandry
36:15 Gillnets
Hitman
15:03 Feudal Age
16:06 Double-Bit Axe
17:34 Loom
19:15 Forging
19:40 Fishing Lines
24:21 Castle Age
22:51 Scale Mail Armor
25:20 Squires
26:00 Pikeman
32:40 Gold Mining
icglyn10
3:08 Loom
16:08 Feudal Age
18:52 Double-Bit Axe
21:32 Castle Age
22:37 Stone Mining
23:06 Bow Saw
26:48 Demolition Ship
31:05 Treadmill Crane
36:58 Ballistics
SultanOfTheRing
8:27 Loom
12:49 Feudal Age
19:15 Castle Age
19:20 Scale Barding Armor
19:26 Forging
19:34 Horse Collar
21:01 Double-Bit Axe
21:46 Gold Mining
28:27 Bow Saw
31:58 Wheelbarrow
35:15 Imperial Age
32:35 Town Watch
33:19 Heavy Plow
33:16 Stone Mining
35:33 Heavy Camel Rider
Connection lost

Rejoining the realm…

Still unreachable

The connection could not be restored.

Session expired

The server has moved on; the page needs a fresh start.